 Dungeon Crawl Stone Soup version 0.31-a0-879-g1609e0ac53 (webtiles) character file.

Game seed: 12414250145473569002

37519 MrSquiggles the Basher (level 14, -9/80 HPs)
             Began as a Kobold Artificer on Oct 14, 2023.
             Was a Believer of Uskayaw.
             Killed from afar by a hell hog (24 damage)
             ... with a fireball
             ... in a Gauntlet.
             The game lasted 01:15:18 (23679 turns).

MrSquiggles the Basher (Kobold Artificer)          Turns: 23679, Time: 01:15:30

Health: -9/80      AC: 14    Str: 12    XL:     14   Next: 29%
Magic:  1/21       EV: 19    Int: 12    God:    Uskayaw [**....]
Gold:   895        SH:  5    Dex: 30    Spells: 9/13 levels left

rFire   + . .        a - +5 short sword (speed)
rCold   + + +        (no shield)
rNeg    . . .        z - +3 ring mail {Will+}
rPois   +            (helmet restricted)
rElec   +            K - +0 cloak of Defiance {rC++ Will-}
rCorr   +            C - +1 pair of gloves
SInv    .            p - +1 pair of boots
Will    +....        Q - amulet of reflection
Stlth   +++++        h - +6 ring of dexterity
HPRegen 0.33/turn    B - +6 ring of dexterity
MPRegen 0.17/turn

%: no teleportation, reflection
@: resistant
A: small, no large weapons, nightstalker 3, antennae 1, talons 1, poison
resistance, MP-powered wands
a: Renounce Religion, Stomp, Line Pass


You were in a Gauntlet.
You worshipped Uskayaw.
Uskayaw was aware of your devotion.
You visited 2 branches of the dungeon, and saw 16 of its levels.
You also visited: Gauntlet.

You collected 895 gold pieces.

Inventory:

Hand Weapons
 a - a +5 short sword of speed (weapon)
 b - a +3 eveningstar of protection
 n - a +4 whip of draining
 w - a +0 club of freezing
 U - the +6 rapier of the Desert {pain, Will- Str+5}
   (You found it on level 8 of the Dungeon)

   Str+5:     It affects your strength (+5).
   Will-:     It decreases your willpower.
Missiles
 r - 95 stones
 P - 2 boomerangs (quivered)
 Y - 15 poisoned darts
Armour
 m - the +1 ring mail of Ignis's Displeasure {Harm *Slow rCorr Str+4}
   (You found it in a Gauntlet)

   Str+4:     It affects your strength (+4).
   rCorr:     It protects you from acid and corrosion.
   *Slow:     It may slow you when you take damage.
   Harm:      It increases damage dealt and taken.
 p - a +1 pair of boots (worn)
 y - +0 steam dragon scales
 z - a +3 ring mail of willpower (worn)
 C - a +1 pair of gloves (worn)
 D - a +0 cloak
 K - the +0 cloak of Defiance (worn) {rC++ Will-}
   (You found it on level 6 of the Dungeon)

   rC++:      It greatly protects you from cold.
   Will-:     It decreases your willpower.
Jewellery
 c - a ring of wizardry
 h - a +6 ring of dexterity (left hand)
 B - a +6 ring of dexterity (right hand)
 E - a ring of resist corrosion
 M - a ring of positive energy
 Q - an amulet of reflection (around neck)
Wands
 j - a wand of polymorph (14)
 t - a wand of mindburst (10)
 A - a wand of roots (8)
 Z - a wand of paralysis (1)
Scrolls
 e - 4 scrolls of identify
 f - 7 scrolls of teleportation
 i - a scroll of revelation
 u - 2 scrolls of summoning
 x - 2 scrolls of immolation
 F - 2 scrolls of poison
 I - a scroll of vulnerability
 O - 3 scrolls of enchant weapon
 T - 4 scrolls of noise
 X - a scroll of silence
Potions
 d - a potion of haste
 g - a potion of brilliance
 k - a potion of attraction
 l - 3 potions of mutation
 o - a potion of cancellation {unknown}
 q - 2 potions of enlightenment
 s - a potion of ambrosia
 v - a potion of curing
 J - a potion of magic
 N - a potion of invisibility
 W - a potion of might
Miscellaneous
 S - a phial of floods


   Skills:
 + Level 6.6 Fighting
 - Level 10.0 Short Blades
 + Level 13.4 Maces & Flails
 - Level 6.0 Throwing
 - Level 3.0 Armour
 + Level 6.7 Dodging
 + Level 6.9 Stealth
 - Level 6.0 Transmutations
 - Level 6.0 Earth Magic
 + Level 9.3 Invocations
 + Level 6.6 Evocations


You had 9 spell levels left.
You knew the following spells:

 Your Spells              Type           Power      Damage    Failure   Level
a - Passwall              Tmut/Erth      11%        N/A       9%          2
b - Wereblood             Tmut           14%        N/A       9%          2

Your spell library contained the following spells:

 Spells                   Type           Power      Damage    Failure   Level
 Sandblast                Erth           28%        2d8       6%          1
 Stone Arrow              Conj/Erth      14%        3d7       52%         3
 Petrify                  Tmut/Erth      14%        N/A       52%         4
 Summon Small Mammal      Summ           0%         N/A       56%         1
 Blink                    Tloc           0%         N/A       71%         2
 Cigotuvi's Dreadful Rot  Necr/Pois/Air  0%         N/A       71%         2
 Ensorcelled Hibernation  Hex/Ice        0%         N/A       71%         2
 Jinxbite                 Hex            0%         N/A       71%         2
 Lesser Beckoning         Tloc           0%         N/A       71%         2
 Momentum Strike          Conj/Tloc      0%         3d8       71%         2
 Sublimation of Blood     Necr           0%         N/A       71%         2
 Lee's Rapid Deconstruct  Erth           7%         3d6*      86%         5
 Animate Armour           Summ/Erth      14%        N/A       90%         4
 Brom's Barrelling Bould  Conj/Erth      7%         2d3       90%         4
 Call Canine Familiar     Summ           0%         N/A       91%         3
 Frozen Ramparts          Ice            0%         1d1       91%         3
 Gell's Gravitas          Tloc           0%         N/A       91%         3
 Inner Flame              Hex/Fire       0%         N/A       91%         3
 Summon Guardian Golem    Hex/Summ       0%         N/A       91%         3
 Teleport Other           Tloc           0%         N/A       91%         3
 Borgnjor's Vile Clutch   Necr/Erth      3%         N/A       99%         5
 Anguish                  Hex/Necr       0%         N/A       100%        4
 Animate Dead             Necr           0%         N/A       100%        4
 Flame Wave               Conj/Fire      0%         2d4       100%        4
 Sticky Flame             Conj/Fire      0%         2d3       100%        4
 Summon Lightning Spire   Summ/Air       0%         N/A       100%        4
 Metabolic Englaciation   Hex/Ice        0%         N/A       100%        5
 Death Channel            Necr           0%         N/A       100%        6
 Summon Hydra             Summ           0%         N/A       100%        7


Dungeon Overview and Level Annotations

Branches:
Dungeon (11/15)            Temple (0/1) D:5            Lair (5/5) D:11
 Shoals (0/4) Lair:3       Spider (0/4) Lair:2        Slime (0/5) Lair:4
Gauntlet (1/1)
    Orc: D:9-12

Altars:
Ashenzari
Elyvilon
Gozag
Hepliaklqana
Kikubaaqudgha
Nemelex Xobeh
Okawaru
Qazlal
Ru
Sif Muna
Uskayaw
Xom
Zin
Jiyva

Annotations:
D:3 2 transporters
D:5 exclusions: orc and orc wizard, Eustachio
D:6 1 runed translucent door
D:9 1 runed translucent door, mandoloar's ghost, novice HOFi
D:11 exclusion: two-headed ogre Gauntlet 7 transporters, exclusion: oklob plant


Innate Abilities, Weirdness & Mutations

You are small and have problems with some larger weapons.
You are completely attuned to the shadows.
You have a pair of small antennae on your head.
You have sharp toenails.
Your system is resistant to poisons. (rPois)
You expend magic power (3 MP) to strengthen your wands.


Message History

The grasping roots constrict the hell hog.
The grasping roots constrict the hell hound.
The grasping roots constrict the fire bat.
The hell hound struggles to escape constriction.
The hell hog closely misses you.
You puncture the hell hog!
The hell hog is heavily wounded.
The grasping roots constrict the hell hog.
The grasping roots constrict the hell hound.
The grasping roots constrict the fire bat.
The hell hound seems less confused.
You can now pass through a line of other dancers.
You feel better.
The grasping roots constrict the hell hog!
The grasping roots constrict the hell hound!
You kill the hell hound!
The grasping roots constrict the fire bat!
You kill the fire bat!
The hell hog misses you. The hell hound completely misses you.
The hell hog breathes fire at you.
The fireball explodes!
The fireball engulfs you! You resist.
* * * LOW HITPOINT WARNING * * *
The fireball engulfs the hell hog.
The hell hog completely resists.
The fireball engulfs the hell hound.
The hell hound completely resists.
Aiming: Line Pass
Press: ? - help, Dir - move target The hell hound appears confused.
The grasping roots constrict the hell hog!
The roots release their grip on the hell hog.
Unknown command.
You puncture the hell hound!
The hell hound is moderately wounded.
Aiming: Mindburst
Press: ? - help, Shift-Dir - straight line, f - hell hound
Aim: a hell hound (moderately wounded, confused, chance to affect: 85%)
The hell hound's mind is blasted!!!
You blow up the hell hound!
The hell hog breathes fire at you.
The fireball explodes!
The fireball engulfs you!! You resist.
You die...

########################
#≈......................
###.......................
#8#..###########...#######
###..##.......##.8.#^.....
#..#.#.....#.#...#.^####
###..#$.#.h.#..#####.##...
8≈#..#...#.#...#...#.#†###
..#..#©..@#©...#©.©#.##.©.
8.#..#[..#.#...#...##.####
..#..#}.#...#..#######....
8.#..#.#.....#.#...#©#####
..#..##.......##...##.†...
..#..###########...#######
©.#≈.............≈.§§.....
..#∩............≈8≈.§§....
©.#≈.............≈........


You could see a hell hog (catching breath).

Vanquished Creatures
  2 hydras
  4 death yaks (Lair:3)
  2 boulder beetles
  3 two-headed ogres
  Urug (D:11)
  Nergalle (Lair:2)
  Pikel (D:8)
  A lindwurm (Lair:3)
  A necromancer (D:9)
  4 black mambas
  A torpor snail (Lair:1)
  A rime drake (Lair:4)
  8 cane toads
  Maggie (D:8)
  10 komodo dragons
  3 trolls
  A polar bear (Lair:1)
  A hornet (Lair:4)
  Prince Ribbit (D:5)
  A snapping turtle (Lair:3)
  12 blink frogs
  A raiju (Gauntlet)
  2 slime creatures (Gauntlet)
  A flying skull (D:7)
  3 jumping spiders (Lair:2)
  9 wyverns
  3 culicivoras (Lair:2)
  A shadow (D:10)
  28 yaks
  3 wraiths
  A vampire (D:9)
  3 fire bats (Gauntlet)
  Grum (D:8)
  3 redbacks (Lair:2)
  2 basilisks
  3 steam dragons
  Menkaure (D:6)
  2 acid dragons (D:11)
  13 water moccasins
  Duvessa (D:7)
  3 hell hounds (Gauntlet)
  An orc warrior (D:9)
  A sky beast (D:8)
  An ice beast (D:6)
  2 elephant zombies (D:7)
  14 wolves
  An ogre (D:6)
  9 centaurs
  3 lemures (D:8)
  2 phantoms
  2 kobold brigands
  A gnoll sergeant (D:6)
  9 bullfrogs
  5 scorpions
  8 wights
  Dowan (D:7)
  5 killer bees (D:9)
  7 electric eels
  4 howler monkeys
  2 lava snakes (Lair:1)
  A centaur zombie (D:7)
  9 hounds
  6 jellies
  A gnoll bouda (D:6)
  A human zombie (D:7)
  2 orc priests
  6 orc wizards
  2 sleepcaps (D:6)
  3 iguanas
  2 scorpion zombies (D:7)
  5 polar bear simulacra (D:9)
  3 yak simulacra (D:9)
  A killer bee zombie (D:7)
  4 hound zombies (D:7)
  2 howler monkey zombies (D:7)
  2 gnolls (D:6)
  12 adders
  A shadow imp (D:7)
  3 white imps
  2 ufetubi (D:5)
  An adder zombie (D:7)
  A worm (D:3)
  3 dart slugs
  18 orcs
  17 ball pythons
  8 endoplasms
  6 giant cockroaches
  3 goblins
  7 hobgoblins
  4 quokkas
  8 bats
  A frilled lizard (D:3)
  15 kobolds
  9 rats
  2 river rat simulacra (D:9)
393 creatures vanquished.

Vanquished Creatures (collateral kills)
  Sigmund (D:5)
  A water moccasin (D:6)
  An ice beast (D:6)
  A wolf (D:8)
  A gnoll sergeant (D:6)
  A bullfrog (D:6)
  A wight (D:6)
  A killer bee (D:9)
  A hound (D:6)
  An adder (D:6)
  7 gnolls (D:6)
17 creatures vanquished.

Vanquished Creatures (others)
  2 ogres (D:6)
2 creatures vanquished.

Grand Total: 412 creatures vanquished

Notes
Turn   | Place    | Note
-------+----------+-------------------------------------------
     0 | D:1      | MrSquiggles the Kobold Artificer began the quest for the
                  | Orb.
     0 | D:1      | Reached XP level 1. HP: 12/12 MP: 1/1
   291 | D:1      | Reached XP level 2. HP: 16/16 MP: 2/2
   847 | D:1      | Reached XP level 3. HP: 19/20 MP: 3/3
  1113 | D:1      | Reached skill level 1 in Maces & Flails
  1148 | D:1      | Found a faded altar of an unknown god.
  1453 | D:2      | Reached skill level 1 in Short Blades
  1594 | D:2      | Reached XP level 4. HP: 20/26 MP: 4/4
  2795 | D:2      | Reached XP level 5. HP: 22/30 MP: 5/5
  2849 | D:2      | Got a grimy book
  3296 | D:3      | Found a transporter.
  3638 | D:3      | Found a sacrificial altar of Ru.
  3785 | D:3      | Found a transporter.
  3910 | D:4      | Reached XP level 6. HP: 26/36 MP: 6/6
  4050 | D:4      | Noticed a +0 spear
  4051 | D:4      | Noticed a +0 short sword
  4052 | D:4      | Noticed a +0 short sword
  4053 | D:4      | Noticed a +0 spear
  4054 | D:4      | Noticed a +0 falchion
  4055 | D:4      | Noticed a +0 falchion
  4055 | D:4      | Noticed a +0 dagger
  4058 | D:4      | Noticed a +0 dagger
  4084 | D:4      | Found a hide-covered altar of Uskayaw.
  4088 | D:4      | Became a worshipper of Uskayaw the Reveller
  4149 | D:4      | Reached * piety under Uskayaw
  4273 | D:4      | Learned a level 2 spell: Passwall
  4503 | D:4      | Reached ** piety under Uskayaw
  4595 | D:4      | You fall into a shaft and drop 3 floors!
  4598 | D:7      | Found a shimmering altar of Xom.
  4739 | D:7      | Noticed Dowan
  4743 | D:7      | Killed Dowan
  4744 | D:7      | Reached skill level 1 in Transmutations
  4744 | D:7      | Gained mutation: You expend magic power (3 MP) to
                  | strengthen your wands. [potion of mutation]
  4744 | D:7      | Gained mutation: Your system is resistant to poisons.
                  | (rPois) [potion of mutation]
  4744 | D:7      | Gained mutation: You have a pair of small antennae on your
                  | head. [potion of mutation]
  4744 | D:7      | Gained mutation: You have sharp toenails. [potion of
                  | mutation]
  4755 | D:7      | Noticed Duvessa
  4760 | D:7      | Killed Duvessa
  4761 | D:7      | Reached skill level 1 in Earth Magic
  4761 | D:7      | Reached skill level 1 in Invocations
  4761 | D:7      | Reached XP level 7. HP: 29/40 MP: 0/7
  4881 | D:6      | Reached skill level 2 in Maces & Flails
  4920 | D:6      | Noticed a water moccasin
  4935 | D:6      | Found a runed translucent door.
  5020 | D:5      | Entered Level 5 of the Dungeon
  5441 | D:5      | Noticed Sigmund
  5450 | D:5      | Killed Sigmund
  5451 | D:5      | Reached XP level 8. HP: 46/46 MP: 2/9
  5754 | D:5      | Noticed Prince Ribbit
  5759 | D:5      | Killed Prince Ribbit
  5760 | D:5      | Reached skill level 5 in Short Blades
  5760 | D:5      | Reached skill level 5 in Evocations
  5812 | D:5      | Noticed Eustachio
  5950 | D:5      | Found a staircase to the Ecumenical Temple.
  6406 | D:6      | Noticed Menkaure
  6408 | D:6      | Killed Menkaure
  6410 | D:6      | Reached skill level 3 in Maces & Flails
  6410 | D:6      | Reached skill level 5 in Stealth
  6410 | D:6      | Reached XP level 9. HP: 52/52 MP: 1/11
  6411 | D:6      | Identified the +0 cloak of Defiance {rC++ Will-}
  6436 | D:6      | Reached *** piety under Uskayaw
  6441 | D:6      | Reached **** piety under Uskayaw
  6449 | D:6      | Reached ***** piety under Uskayaw
  6457 | D:6      | Reached skill level 5 in Dodging
  6464 | D:6      | Reached ****** piety under Uskayaw
  8037 | D:6      | Reached XP level 10. HP: 58/58 MP: 11/13
  8408 | D:7      | Found an ancient bone altar of Kikubaaqudgha.
  8500 | D:7      | Found a glowing silver altar of Zin.
  8503 | D:7      | Noticed an angel
  8558 | D:7      | Found a hazy altar of Hepliaklqana.
  8573 | D:7      | Reached skill level 4 in Maces & Flails
  8607 | D:7      | Found a sparkling altar of Nemelex Xobeh.
  8607 | D:7      | Noticed a two-headed ogre
  8614 | D:7      | Killed a two-headed ogre
  8615 | D:7      | Reached skill level 5 in Fighting
  9640 | D:7      | Reached skill level 5 in Invocations
  9750 | D:8      | Learned a level 2 spell: Wereblood
  9763 | D:8      | Noticed Grum
  9994 | D:8      | Identified the +6 rapier of the Desert {pain, Will- Str+5}
 10019 | D:8      | Killed Grum
 10020 | D:8      | Reached skill level 5 in Maces & Flails
 10171 | D:8      | Found an opulent altar of Gozag.
 10218 | D:8      | Found a shimmering blue altar of Sif Muna.
 10276 | D:8      | Found a white marble altar of Elyvilon.
 10279 | D:8      | Found an iron altar of Okawaru.
 10297 | D:8      | Found a stormy altar of Qazlal.
 10300 | D:8      | Noticed Maggie
 10557 | D:8      | Reached skill level 10 in Short Blades
 10648 | D:8      | Noticed Pikel
 10656 | D:8      | Killed Pikel
 10657 | D:8      | Reached XP level 11. HP: 42/64 MP: 3/15
 10660 | D:8      | Noticed a deep elf pyromancer
 10663 | D:8      | Killed Maggie
 11023 | D:8      | Noticed an eight-headed hydra
 11023 | D:8      | Noticed a two-headed ogre
 11350 | D:9      | Reached skill level 1 in Armour
 11370 | D:9      | Reached skill level 6 in Maces & Flails
 12050 | D:9      | Noticed a two-headed ogre
 12066 | D:9      | Killed a two-headed ogre
 12866 | D:9      | Noticed a necromancer
 12874 | D:9      | Killed a necromancer
 12875 | D:9      | Reached skill level 5 in Transmutations
 12875 | D:9      | Reached skill level 5 in Earth Magic
 12975 | D:9      | Found a runed translucent door.
 12975 | D:9      | Noticed mandoloar's ghost (novice HOFi)
 12977 | D:9      | Identified the +1 spear "Meysch" {freeze, Will+}
 13266 | D:10     | Entered Level 10 of the Dungeon
 13940 | D:10     | Found a broken altar of Ashenzari.
 14218 | D:10     | Reached skill level 7 in Maces & Flails
 14478 | D:11     | Reached XP level 12. HP: 70/70 MP: 15/18
 14498 | D:11     | Noticed a two-headed ogre
 14508 | D:11     | Killed a two-headed ogre
 14527 | D:11     | HP: 2/70 [cyclops (24)]
 14786 | D:11     | Noticed Urug
 14794 | D:11     | Killed Urug
 14934 | D:11     | Reached skill level 8 in Maces & Flails
 15386 | D:11     | Noticed a two-headed ogre
 15442 | D:11     | Found a staircase to the Lair.
 15494 | Lair:1   | Entered Level 1 of the Lair of Beasts
 15660 | Lair:1   | Reached skill level 9 in Maces & Flails
 16154 | Lair:1   | Reached skill level 10 in Maces & Flails
 16216 | Lair:1   | Reached skill level 1 in Throwing
 16425 | Lair:1   | Reached XP level 13. HP: 74/74 MP: 19/19
 18097 | Lair:2   | Noticed Nergalle
 18117 | Lair:2   | Found a hole to the Spider Nest.
 18126 | Lair:2   | Killed Nergalle
 18127 | Lair:2   | Reached skill level 11 in Maces & Flails
 18127 | Lair:2   | Reached skill level 5 in Throwing
 19744 | Lair:3   | Reached skill level 12 in Maces & Flails
 20904 | Lair:3   | Noticed a seven-headed hydra
 20913 | Lair:3   | Killed a seven-headed hydra
 20914 | Lair:3   | Reached skill level 13 in Maces & Flails
 20983 | Lair:3   | Found a staircase to the Shoals.
 21524 | Lair:4   | Reached XP level 14. HP: 61/80 MP: 15/20
 22219 | Lair:4   | Found a staircase to the Slime Pits.
 22237 | Lair:4   | Found a viscous altar of Jiyva.
 22947 | Lair:5   | Entered Level 5 of the Lair of Beasts
 22972 | Lair:5   | Found a gate leading to a gauntlet.
 22981 | Gauntlet | Entered a Gauntlet
 22987 | Gauntlet | Found a transporter.
 23038 | Gauntlet | Found a transporter.
 23061 | Gauntlet | Found a transporter.
 23094 | Gauntlet | Found a transporter.
 23145 | Gauntlet | Found a transporter.
 23167 | Gauntlet | Found a transporter.
 23167 | Gauntlet | Found a transporter.
 23189 | Gauntlet | Found a transporter.
 23243 | Gauntlet | Found a transporter.
 23243 | Gauntlet | Found a transporter.
 23302 | Gauntlet | Found a transporter.
 23302 | Gauntlet | Found a transporter.
 23484 | Gauntlet | Identified the +1 ring mail of Ignis's Displeasure {Harm
                  | *Slow rCorr Str+4}
 23663 | Gauntlet | HP: 2/80 [hell hog (9)]
 23679 | Gauntlet | Killed from afar by a hell hog

Illustrated notes

Levels and vault maps discovered:
D:1:      amcnicky_arrival_choice, layout_basic,
          chequers_ecumenical_altar_lobes, minmay_tromino_v2
D:2:      layout_basic, minmay_shallow_snake_nest
D:3:      layout_loops_ring, mainiacjoe_overflow_surrounded_room,
          gammafunk_ghost_abyssal_escape
D:4:      cheibrodos_old_hovel, layout_loops_ring, nicolae_uskayaw_en_pointe
D:5:      layout_basic, minmay_temple_entry_statues_fountains, uniq_sigmund,
          uniq_eustachio, uniq_prince_ribbit1
D:6:      minmay_razor_zed, layout_basic, ebering_ghost_sewer_d,
          minmay_joined_circles, uniq_menkaure
D:7:      layout_layer_cave, grunt_temple_overflow_order_and_chaos_1,
          mainiacjoe_overflow_big_doors, roadster_capsule_ark_zombie,
          uniq_duvessa
D:8:      layout_loops_ring, grunt_gozag_statues,
          nicolae_qazlal_beasts_of_the_sky, grunt_temple_overflow_open,
          lightli_corner_chamber, uniq_grum, uniq_maggie, uniq_pikel
D:9:      layout_loops_corners, ebering_ghost_funeral_grove,
          eino_house_with_fridge
D:10:     minmay_evil_eye, layout_long_grid, marbit_many_paths
D:11:     layout_basic, erik_lair_island, kennysheep_just_a_vault, uniq_urug
Lair:1:   layout_big_grid, nicolae_lair_liquid_snakes
Lair:2:   layout_cave_pods, nicolae_spider_entry_tight_spaces,
          serial_bayou_lagoon_a, lemuel_fruit_fields, uniq_nergalle
Lair:3:   layout_long_grid, minmay_shoals_entry_hut, serial_bayou_shore_b,
          infiniplex_staircase_pool_2
Lair:4:   layout_regular_city, nicolae_slime_entry_field_trip
Lair:5:   minmay_lair_end_frog_pond, layout_cave_pods, gauntlet_entry_generic
Gauntlet: gammafunk_gauntlet_hard_choice [nicolae_gauntlet_arena_grate_2,
          gammafunk_gauntlet_arena_crates, gammafunk_gauntlet_arena_spirals,
          gammafunk_gauntlet_arena_hedges, nicolae_gauntlet_arena_x,
          gammafunk_gauntlet_arena_corners, dreamdust_gauntlet_exit_labyrinth]

Skill      XL: |  1  2  3  4  5  6  7  8  9 10 11 12 13 |
---------------+----------------------------------------+-----
Stealth        | 2 3 4 5 6 |  6.9
Maces & Flails | 1 2 3 5 7 10 13 | 13.4
Short Blades   | 1 2 3 4 6 8 10 | 10.0
Evocations     | 4 5 6 |  6.6
Dodging        | 3 4 5 6 |  6.7
Fighting       | 2 3 4 6 |  6.6
Transmutations | 1 2 3 4 5 6 |  6.0
Earth Magic    | 1 2 3 4 5 6 |  6.0
Invocations    | 1 2 4 5 8 9 |  9.3
Armour         | 3 |  3.0
Throwing       | 2 6 |  6.0

Action                     |  1- 3 |  4- 6 |  7- 9 | 10-12 | 13-15 || total
---------------------------+-------+-------+-------+-------+-------++-------
  Melee: Club              |    51 |       |       |       |       ||    51
         Short sword       |    27 |    71 |   174 |   660 |   448 ||  1380
         Punch             |     3 |     6 |     2 |    12 |    16 ||    39
         Rapier            |       |    84 |       |       |       ||    84
         Eveningstar       |       |       |       |     1 |    84 ||    85
  Throw: Stone             |       |     2 |       |       |     2 ||     4
         Boomerang         |       |       |       |     3 |    78 ||    81
         Dart              |       |       |       |     2 |     9 ||    11
   Cast: Passwall          |       |       |     1 |     8 |    15 ||    24
         Wereblood         |       |       |       |     2 |       ||     2
 Invoke: Line Pass         |       |       |     1 |    17 |    22 ||    40
         Stomp             |       |       |     1 |     8 |     8 ||    17
  Evoke: Wand              |     2 |    15 |    13 |    36 |    23 ||    89
         Phial of floods   |       |       |       |     1 |     1 ||     2
    Use: Scroll            |       |     6 |     3 |    11 |     4 ||    24
         Potion            |       |     4 |       |     3 |    10 ||    17
   Stab: Sleeping          |    12 |    20 |    14 |    25 |    22 ||    93
         Distracted        |       |     1 |     1 |     2 |     2 ||     6
         Paralysed         |       |       |     3 |    18 |    13 ||    34
         Confused          |       |       |       |    15 |     9 ||    24
         Invisible         |       |       |       |       |     3 ||     3
 Armour: Leather armour    |    26 |     9 |       |       |       ||    35
         Ring mail         |     9 |    30 |    52 |   168 |   177 ||   436
  Dodge: Dodged            |    66 |   120 |    91 |   213 |   247 ||   737
  Block: Other             |       |       |       |    54 |    53 ||   107
         Reflection        |       |       |       |     2 |       ||     2

Table legend: (Time is in decaauts)
 A = Elapsed time spent in this place.
 B = Non-inter-level travel time spent in this place.
 C = Inter-level travel time spent in this place.
 D = Time resting spent in this place.
 E = Time spent auto-exploring this place.
 F = Levels seen in this place.
 G = Mean time per level.
                   A        B        C        D        E       F      G
               +--------+--------+--------+--------+--------+-----+--------+
         Total |  22897 |  22269 |    628 |   4214 |  11770 |  17 | 1346.9 |
       Dungeon |  15052 |  14548 |    504 |   2256 |   7840 |  11 | 1368.4 |
          Lair |   7202 |   7078 |    124 |   1860 |   3753 |   5 | 1440.4 |
      Gauntlet |    642 |    642 |      0 |     98 |    177 |   1 |  642.0 |
               +--------+--------+--------+--------+--------+-----+--------+

Top non-repeatable levels by time:
  Lair:2: 2425 daAuts
  Lair:3: 1997 daAuts
     D:7: 1952 daAuts
     D:6: 1881 daAuts
     D:9: 1746 daAuts
     D:2: 1539 daAuts
     D:8: 1430 daAuts
     D:1: 1424 daAuts
  Lair:4: 1389 daAuts
  Lair:1: 1356 daAuts
    D:10: 1353 daAuts
     D:4: 1109 daAuts
     D:3: 928 daAuts
     D:5: 913 daAuts
    D:11: 771 daAuts
